 Dungeon Crawl Stone Soup version 0.17-a0-1430-g49fde19 (webtiles) character file.

291 urechis the Ruffian (level 6, -1/59 HPs)
             Began as a Troll Monk on June 25, 2015.
             Slain by an orc
             ... wielding a +0 club
              (3 damage)
             ... on level 4 of the Dungeon.
             The game lasted 00:04:28 (1957 turns).

urechis the Ruffian (Troll Monk)                    Turns: 1957, Time: 00:04:31

Health: -1/59      AC:  6    Str: 20    XL:     6   Next: 10%
Magic:  5/5        EV: 10    Int:  6    God:
Gold:   140        SH:  0    Dex: 14    Spells: 0 memorised, 5 levels left

rFire  . . .     SeeInvis .       - Unarmed
rCold  . . .     Clarity  .     a - +0 robe
rNeg   . . .     SustAt   .     (no shield)
rPois  .         Gourm    +     (helmet restricted)
rElec  .         Spirit   .     v - +0 cloak
rCorr  .         Warding  .     (gloves unavailable)
rMut   .         Stasis   +     (boots unavailable)
MR     .....                    t - amulet of stasis
Stlth  ++........               (no ring)
                                (no ring)

@: not resistant to hostile enchantments, unstealthy
A: unfitting armour, claws 3, fast metabolism 3, gourmand, regeneration 2,
shaggy fur 1, tough skin 2
a: no special abilities


You were on level 4 of the Dungeon.
You were very full.

You visited 1 branch of the dungeon, and saw 4 of its levels.

You collected 140 gold pieces.

Inventory:

Armour
 a - a +0 robe (worn)
 v - a +0 cloak (worn)
Jewellery
 e - a +5 ring of intelligence {unknown}
 t - an amulet of stasis (around neck)
Scrolls
 c - 5 scrolls of identify {unknown}
 f - a scroll of teleportation {unknown}
 h - 3 scrolls of remove curse {unknown}
 l - a scroll of immolation {unknown}
 o - a scroll of enchant armour {unknown}
 s - a scroll of noise {unknown}
 w - a scroll of amnesia {unknown}
 y - a scroll of recharging {unknown}
Potions
 d - 3 potions of curing {unknown}
 g - a potion of poison {unknown}
 i - a potion of beneficial mutation {unknown}
 j - a potion of ambrosia {unknown}
 m - a potion of degeneration {unknown}
 n - a potion of magic {unknown}
 p - a potion of heal wounds {unknown}
 r - a potion of cancellation {unknown}
Comestibles
 b - 4 bread rations
 k - 3 meat rations
 q - a royal jelly
 u - 6 fruits
 x - 5 chunks of flesh


   Skills:
 - Level 2.4 Fighting
 - Level 2.4 Dodging
 - Level 1.1 Stealth
 + Level 7.4 Unarmed Combat


You had 5 spell levels left.
You didn't know any spells.

Dungeon Overview and Level Annotations

Branches:
Dungeon (4/15)
 Temple: D:4-7

Altars:
Dithmenos
Fedhas
Makhleb


Innate Abilities, Weirdness & Mutations

You are too large for most types of armour.
You have claws for hands.
Your metabolism is lightning-fast.
You like to eat raw meat.
You heal very quickly.
You are covered in fur (AC +1).
You have very tough skin (AC +2).


Message History

The orc misses you.
You barely miss the orc priest.
The orc priest is lightly wounded.
The orc hits you but does no damage. The orc priest hits you with a mace.
* * * LOW HITPOINT WARNING * * *
The orc barely misses you. The orc hits you but does no damage.
You scratch the orc priest.
The orc priest is moderately wounded.
The orc completely misses you.
The orc priest hits you but does no damage.
You mangle the orc priest!!
You kill the orc priest!
You have reached level 6!
Your experience leads to an increase in your attributes!
Increase (S)trength, (I)ntelligence, or (D)exterity?
You feel agile.
You feel stronger. The orc hits you with a club.
* * * LOW HITPOINT WARNING * * *
The orc barely misses you. The orc hits you with a club.
You die...

... #........# #..
#........# #..
#........# #..
#........#
+..########.........
#.........)....###+
#.........)#'###
####........).#...#
..............+o@o#
..............#o))......
..............#...######
..............#....
..............#.....
..............#......
......).......#......+
.............<#......#
..............#


You could see 3 orcs.

Vanquished Creatures
  An orc warrior (D:4)
  An orc priest (D:4)
  Ijyb (D:3)
  2 adders
  3 gnolls (D:3)
  An ooze (D:2)
  3 worms
  2 giant geckos
  9 orcs
  A ball python (D:1)
  5 giant cockroaches
  6 goblins
  9 hobgoblins
  6 jackals (D:2)
  6 bats
  3 giant newts
  6 kobolds
  10 rats
75 creatures vanquished.

Notes
Turn   | Place    | Note
--------------------------------------------------------------
     0 | D:1      | urechis the Troll Monk began the quest for the Orb.
     0 | D:1      | Reached XP level 1. HP: 22/22 MP: 0/0
   168 | D:1      | Reached XP level 2. HP: 29/29 MP: 1/1
   726 | D:2      | Reached skill level 5 in Unarmed Combat
   726 | D:2      | Reached XP level 3. HP: 19/36 MP: 2/2
   805 | D:2      | Found a faded altar to an unknown god.
  1309 | D:2      | Reached XP level 4. HP: 44/44 MP: 3/3
  1344 | D:3      | Noticed Ijyb
  1358 | D:3      | Killed Ijyb
  1358 | D:3      | Reached skill level 6 in Unarmed Combat
  1422 | D:3      | Reached XP level 5. HP: 12/50 MP: 4/4
  1502 | D:3      | Found a shadowy altar of Dithmenos.
  1620 | D:3      | Found a blossoming altar of Fedhas.
  1782 | D:3      | Found a burning altar of Makhleb.
  1937 | D:4      | Noticed an orc warrior
  1952 | D:4      | Killed an orc warrior
  1952 | D:4      | Reached skill level 7 in Unarmed Combat
  1957 | D:4      | Reached XP level 6. HP: 7/59 MP: 5/5
  1957 | D:4      | HP: 2/59 [orc/club (5)]
  1957 | D:4      | Slain by an orc

Vault maps used:
D:1:      denvon_arrival_hothouse, minmay_ruptured
D:2:      ecumenical_altar_2, amalloy_card_club
D:3:      grunt_dithmenos_smoke_and_mirrors, bloody_makhleb,
          fedhas_altar_fruit_tree, uniq_iyjb
D:4:      temple_green, minmay_misc_feat_plants, minivault_27,
          corexii_checkpoint_a, st_stairs_10, uniq_pikel, uniq_menkaure,
          uniq_eustachio

Action                   |  1- 3 |  4- 6 || total
-------------------------+-------+-------++-------
Melee: Unarmed           |   110 |    88 ||   198
 Stab: Sleeping          |     3 |     1 ||     4
  Eat: Chunk             |    10 |     8 ||    18
       Meat ration       |     1 |       ||     1
